Map: Daybreak LE (Void)

Players

Iceman

  • Race: Zerg Zerg
  • League: Diamond
  • Spawn Location: 1:00

AdamB - Winner!

  • Race: Terran Terran
  • League: Diamond
  • Spawn Location: 7:00

VOD

Have the link to the VOD?

Description

Time

  • Played on: Nov. 27, 2016, 10:14 a.m.
  • Length: 15:42
Show
View Real Time Build Order
Export as new Build Order

Iceman Zerg 

Build Orders: Hatch First, Muta Ling Bane 

Get SALT Encoding   

  12  0:02  Drone  
  13  0:12  Overlord  
  13  0:17  Drone  
  14  0:30  Drone x2  
  16  0:36  Drone  
  17  0:54  Hatchery  
  16  0:57  Drone  
  16  1:00  Drone  
  18  1:14  Extractor  
  18  1:16  Spawning Pool  
  16  1:18  Drone  
  16  1:22  Drone  
  18  1:28  Drone  
  19  1:39  Overlord  
  19  2:03  Zergling x4  
  19  2:04  Queen  
  19  2:06  Queen  
  19  2:08  Drone  
  26  2:11  Drone  
  27  2:16  Metabolic Boost  
  27  2:19  Drone  
  28  2:24  Drone  
  29  2:36  Drone  
  29  2:37  Drone  
  31  2:40  Drone  
  31  2:50  Overlord  
  31  2:51  Drone  
  31  2:54  Drone  
  33  3:00  Hatchery, Queen  
  34  3:10  Drone x2  
  36  3:13  Drone  
  36  3:14  Drone x3  
  36  3:16  Drone  
  41  3:21  Drone x2  
  41  3:23  Overlord  
  43  3:28  Overlord  
  43  3:50  Evolution Chamber x2  
  43  3:52  Drone x7  
  48  4:00  Overlord  
  48  4:01  Overlord  
  48  4:09  Drone x3  
  51  4:11  Queen x2  
  51  4:14  Queen  
  57  4:19  Zerg Ground Armor Level 1  
  57  4:26  Zerg Melee Weapons Level 1  
  57  4:33  Zergling x10  
  57  4:34  Zergling x6  
  57  4:35  Zergling x2  
  66  4:51  Zergling x12  
  72  4:56  Spore Crawler  
  72  4:58  Spore Crawler  
  70  5:01  Zergling x4  
  70  5:02  Zergling x2  
  70  5:04  Overlord  
  70  5:05  Overlord  
  63  5:37  Spore Crawler  
  63  5:38  Drone  
  63  5:39  Drone x10  
  70  5:45  Drone x6  
  70  5:48  Hatchery  
  75  5:50  Queen  
  75  5:51  Queen x2  
  75  5:55  Extractor  
  75  5:56  Extractor x2  
  78  5:57  Drone x3  
  78  5:58  Extractor  
  78  6:04  Hatchery  
  76  6:11  Drone x3  
  78  6:16  Overlord  
  79  6:26  Baneling Nest  
  79  6:29  Lair  
  79  6:30  Zergling x2  
  79  6:31  Zergling x14  
  86  6:34  Extractor  
  86  6:36  Zergling x4  
  85  6:41  Zergling x2  
  84  6:53  Drone x6  
  90  6:57  Drone  
  90  6:58  Drone  
  90  6:59  Drone x2  
  94  7:03  Drone x2  
  96  7:09  Drone  
  96  7:10  Drone x2  
  98  7:27  Drone x12  
  98  7:28  Spore Crawler  
  105  7:38  Zergling x4  
  105  7:39  Zergling x8  
  105  7:43  Centrifical Hooks, Baneling x6  
  107  7:45  Zerg Melee Weapons Level 2, Zerg Ground Armor Level 2  
  107  7:47  Zergling x6  
  107  7:48  Overlord x2  
  110  7:52  Baneling x3  
  110  7:53  Baneling  
  110  7:55  Overlord x2  
  110  7:57  Spire  
  103  8:00  Zergling x14  
  110  8:11  Spore Crawler  
  109  8:12  Spore Crawler  
  109  8:19  Extractor x2  
  106  8:21  Spore Crawler  
  106  8:22  Spine Crawler  
  106  8:23  Drone x3  
  106  8:24  Infestation Pit, Drone x2  
  108  8:35  Spore Crawler  
  108  8:36  Spore Crawler  
  108  8:41  Baneling x4  
  100  8:42  Baneling x5  
  80  8:57  Drone x10  
  80  8:58  Drone x6  
  93  9:04  Zergling x2  
  93  9:08  Zergling x2  
  93  9:14  Extractor  
  88  9:18  Mutalisk x4  
  88  9:21  Mutalisk x2  
  88  9:22  Mutalisk x2  
  93  9:38  Zergling x14  
  88  9:40  Queen x3  
  88  9:41  Queen  
  88  9:43  Zergling x6  
  94  9:48  Mutalisk  
  94  9:51  Drone x3  
  93  9:57  Drone  
  91  10:02  Baneling x3  
  91  10:03  Baneling, Drone x3  
  91  10:05  Drone  
  93  10:12  Baneling x2  
  93  10:13  Mutalisk x2  
  93  10:15  Drone x5  
  93  10:19  Zergling x2  
  97  10:31  Drone x5  
  102  10:36  Mutalisk  
  103  10:52  Hive  
  103  10:56  Drone  
  104  10:57  Drone x10  
  114  11:06  Drone x7  
  114  11:11  Overseer x2  
  105  11:28  Zergling x24  
  105  11:29  Zergling x2  
  105  11:30  Zergling x8  
  116  11:33  Baneling x3  
  116  11:37  Zergling x6  
  116  11:39  Zergling x2  
  112  11:42  Zergling x2  
  107  11:47  Zergling x4  
  100  11:55  Mutalisk x3  
  100  11:57  Zergling x2  
  104  12:02  Zergling x4  
  103  12:11  Drone x2  
  103  12:12  Drone  
  103  12:14  Ultralisk Cavern  
  102  12:19  Baneling x2  
  102  12:22  Zergling x6  
  99  12:26  Zergling x6  
  83  12:38  Zergling x8  
  83  12:39  Queen x2  
  83  12:41  Zergling x2  
  84  12:46  Zergling x4  
  84  12:48  Zergling x2  
  84  12:50  Zergling x2  
  82  12:57  Baneling  
  75  13:01  Chitinous Plating  
  75  13:03  Ultralisk  
  74  13:07  Overlord, Extractor, Ultralisk  
  74  13:10  Extractor  
  66  13:14  Zergling x2  
  66  13:15  Zergling x6  
  66  13:16  Zergling x2  
  66  13:26  Zergling x2  
  67  13:27  Baneling x2  
  67  13:29  Zergling x6  
  67  13:31  Zergling x2  
  69  13:37  Zergling x2  
  57  13:52  Zergling x4  
  57  13:53  Zergling x8  
  58  14:08  Zergling x4  
  56  14:20  Corruptor x2  
  53  14:28  Hatchery  
  51  14:32  Corruptor  
  51  14:36  Baneling x6  
  52  14:44  Drone  
  52  14:45  Drone  
  53  14:49  Drone x2  
  53  14:52  Drone  
  54  14:55  Drone  
  54  14:59  Drone  
  50  15:09  Zergling x4  
  52  15:17  Drone  
  52  15:18  Drone  
Show
View Real Time Build Order
Export as new Build Order

AdamB Terran - Winner!

Build Orders: Reaper Expand, MMM Bio 

Get SALT Encoding   

  12  0:00  SCV  
  13  0:12  SCV  
  14  0:18  Supply Depot  
  14  0:24  SCV  
  15  0:39  SCV  
  15  0:40  Barracks  
  16  0:44  Refinery  
  16  0:51  SCV  
  17  1:03  SCV  
  18  1:15  SCV  
  19  1:28  Reaper  
  19  1:31  Orbital Command  
  20  1:42  Command Center  
  20  1:59  SCV  
  20  2:01  Barracks  
  21  2:02  Barracks Reactor  
  21  2:08  Supply Depot  
  21  2:15  SCV  
  22  2:16  Refinery  
  22  2:32  SCV  
  23  2:44  Marine x2  
  23  2:45  SCV  
  23  2:50  Barracks Tech Lab  
  26  2:51  Factory  
  26  2:56  Orbital Command  
  26  3:02  Marine x2  
  28  3:10  SCV  
  29  3:12  Marine  
  29  3:17  Stimpack  
  30  3:20  Marine x2  
  30  3:22  SCV  
  30  3:25  SCV  
  34  3:30  Marine  
  35  3:34  SCV  
  35  3:35  Starport, Factory Reactor  
  35  3:37  SCV  
  37  3:46  Supply Depot  
  37  3:47  Marine x2  
  39  3:48  Marine, SCV  
  39  3:52  SCV  
  42  4:02  SCV  
  43  4:04  SCV  
  43  4:05  Marine  
  45  4:14  SCV  
  45  4:16  SCV  
  45  4:17  Supply Depot  
  47  4:20  Medivac x2  
  47  4:21  Widow Mine  
  53  4:26  SCV  
  54  4:33  SCV  
  54  4:38  Marine x3  
  58  4:40  Supply Depot  
  58  4:42  Supply Depot  
  58  4:49  Engineering Bay  
  58  4:50  Medivac x2  
  61  4:56  Marine  
  62  5:01  Marine  
  62  5:02  Marine, SCV  
  62  5:04  SCV  
  66  5:11  Hellion  
  66  5:13  Marine  
  69  5:14  SCV  
  69  5:15  Refinery x2  
  69  5:16  SCV  
  69  5:19  Marine  
  72  5:21  Marine  
  72  5:26  SCV  
  72  5:28  SCV  
  75  5:31  Marine  
  72  5:37  Marine  
  72  5:39  Marine  
  72  5:41  SCV x2  
  65  5:49  Marine  
  66  5:54  Medivac x2, Command Center  
  66  5:55  Marine, SCV  
  66  5:57  Terran Infantry Weapons Level 1, Marine  
  72  6:02  Barracks x2  
  71  6:07  Marine, Factory Reactor  
  71  6:10  Combat Shields  
  72  6:11  SCV  
  72  6:13  Marine  
  72  6:14  Marine, SCV  
  76  6:19  Supply Depot  
  76  6:20  Supply Depot  
  76  6:21  Supply Depot  
  76  6:38  Marine x2, Liberator x2  
  78  6:40  Marine  
  79  6:47  SCV x2  
  79  6:53  Barracks Reactor  
  79  6:54  Barracks Tech Lab  
  81  6:56  Marine x2  
  81  6:57  Barracks x2  
  81  6:59  SCV x2  
  91  7:11  SCV x2, Marauder  
  91  7:13  Marine  
  91  7:14  Marine  
  97  7:16  Engineering Bay  
  97  7:17  Armory  
  97  7:22  Marine  
  98  7:23  Widow Mine, SCV x2  
  98  7:24  Widow Mine  
  104  7:30  Liberator x2  
  104  7:31  Marine x2  
  103  7:43  Marine  
  103  7:44  Marine x3  
  97  7:46  Barracks Reactor  
  97  7:47  Barracks Reactor  
  97  7:48  SCV  
  107  8:01  Marine x2  
  107  8:02  Marine, Marauder  
  112  8:17  Marine, Marauder  
  112  8:18  Widow Mine  
  117  8:23  Supply Depot x3, Terran Infantry Weapons Level 2, Terran Infantry Armor Level 1  
  117  8:34  Marine x2  
  117  8:37  Marine  
  117  8:38  Marine x2  
  117  8:39  Marine, SCV  
  117  8:40  Marine  
  116  8:44  Widow Mine  
  116  8:45  Marauder x2  
  102  8:54  Marine x3  
  105  9:02  Marine x5  
  109  9:06  Marauder x2  
  109  9:08  SCV x2  
  116  9:11  Marine  
  116  9:12  Marine x2  
  118  9:27  Marauder  
  118  9:31  Marine x4, Marauder  
  112  9:43  Marine x4  
  112  9:44  SCV x2  
  118  9:47  Planetary Fortress  
  118  9:48  Marine  
  118  9:49  Marine, Marauder  
  118  9:50  Missile Turret  
  118  9:52  Marauder  
  121  10:03  Liberator  
  118  10:09  Command Center  
  116  10:17  Marine x8, Marauder x2  
  116  10:19  Terran Infantry Armor Level 2  
  116  10:21  Medivac  
  133  10:22  SCV  
  134  10:28  Refinery  
  134  10:29  Refinery  
  134  10:34  Marine  
  134  10:35  Marine x6  
  140  10:37  Marine  
  140  10:38  Marine x2  
  141  10:50  Supply Depot  
  141  10:51  Supply Depot  
  141  10:53  Supply Depot  
  141  10:55  Liberator x2  
  141  11:07  Widow Mine x2  
  141  11:12  SCV  
  145  11:24  Marine x2  
  145  11:25  Marine x7, Marauder  
  146  11:42  Marine x2  
  146  11:43  Marine x5, Marauder  
  146  11:46  Marauder  
  146  11:48  Marine  
  137  12:00  Marine x2  
  137  12:01  Marine  
  140  12:04  Orbital Command  
  140  12:05  Marauder  
  140  12:07  Marauder  
  135  12:26  Marauder  
  135  12:29  Marauder  
  138  12:35  Marine  
  138  12:36  Marine x7  
  142  12:41  Liberator x2  
  136  12:48  Marauder  
  136  12:49  Marine  
  136  12:53  Marine x2  
  136  12:54  Marine x6  
  136  12:55  Command Center  
  141  13:08  Marauder  
  141  13:09  Marauder  
  141  13:11  Marine x2  
  144  13:15  Marine x2  
  146  13:24  Liberator x2  
  146  13:26  Supply Depot x2  
  146  13:28  Supply Depot  
  146  13:29  Marauder  
  148  13:48  SCV x2  
  140  14:07  Liberator  
  139  14:15  Command Center  
  136  14:17  Orbital Command  
  136  14:25  Marine  
  136  14:26  Marine, Marauder, Orbital Command  
  143  14:35  Liberator  
  141  14:38  Marine  
  141  14:39  Marine x4, Marauder  
  140  15:05  Marine x3, Marauder  
  140  15:06  Marine, Marauder  
  141  15:36  Missile Turret  
  141  15:37  Missile Turret  
  141  15:39  Missile Turret  
  141  15:40  Missile Turret  
Tags
 
Add a new tag
Caveats
  • Supply blocks, unpowered buildings, or Contaminate may cause inaccurate times.
  • Supply counts are checked every 10 seconds.